ESL (28 & UNDER)
SPRINGFIELD SIMPSONS @ BUFFALO LIGHTSABRES
05/11/2025
 
TOP OF THE 1ST
Springfield Simpsons batting - Pitching for Buffalo LightSabres : LHP Mike Murray
Pitching: LHP Mike Murray
Batting: RHB Manny Ramírez 0-0: Called Strike
0-1: Foul Ball, location: 2F
0-2: Strikes out swinging
Batting: RHB Tomás Galindo 0-0: Called Strike
0-1: Foul Ball, location: 2F
0-2: Ball
1-2: Foul Ball, location: 2F
1-2: Ball
2-2: SINGLE (Groundball, 56D)
Batting: RHB Ángel Garza 0-0: Ball
1-0: Ball
2-0: Ball
3-0: Called Strike
3-1: Foul Ball, location: 2F
3-2: 2-RUN HOME RUN (Flyball, 7D), Distance : 392 ft
Batting: RHB Brant Sherman 0-0: Foul Ball, location: 2F
0-1: Called Strike
0-2: Foul Ball, location: 2F
0-2: Ground out 6-3 (Groundball, 6)
Batting: LHB Pedro Cerda 0-0: Ball
1-0: Called Strike
1-1: Fly out, F7 (Flyball, 7S)
Top of the 1st over - 2 run(s), 2 hit(s), 0 error(s), 0 left on base; Springfield 2 - Buffalo 0
BOTTOM OF THE 1ST
Buffalo LightSabres batting - Pitching for Springfield Simpsons : RHP Erwin Entwistle
Pitching: RHP Erwin Entwistle
Batting: RHB Naomi Kitamura 0-0: Ball
1-0: Foul Ball, location: 2F
1-1: DOUBLE (Line Drive, 78D)
Batting: LHB Paul Alston 0-0: Called Strike
Naomi Kitamura steals 3rd base
0-1: Ball
1-1: Ball
2-1: Foul Ball, location: 2F
2-2: Foul Ball, location: 2F
2-2: Ground out 1-3 (Groundball, 15S)
Batting: LHB Sean Nicks 0-0: Called Strike
0-1: Called Strike
0-2: Foul Ball, location: 2F
0-2: Ball
1-2: Strikes out swinging
Batting: RHB Soetsu Kaneko 0-0: Called Strike
0-1: Foul Ball, location: 2F
0-2: Foul Ball, location: 2F
0-2: Strikes out swinging
Bottom of the 1st over - 0 run(s), 1 hit(s), 0 error(s), 1 left on base; Springfield 2 - Buffalo 0
TOP OF THE 2ND
Springfield Simpsons batting - Pitching for Buffalo LightSabres : LHP Mike Murray
Batting: SHB Bob Noble 0-0: Ball
1-0: Ball
2-0: Called Strike
2-1: Foul Ball, location: 2F
2-2: Foul Ball, location: 2F
2-2: Strikes out swinging
Batting: SHB Jorge García 0-0: Foul Ball, location: 2F
0-1: Ball
1-1: SINGLE (Groundball, 6MD)
Batting: SHB Edgardo Osorio 0-0: Swinging Strike
0-1: Ball
Passed Ball!
Jorge García to second
1-1: Foul Ball, location: 2F
1-2: Foul Ball, location: 2F
1-2: Strikes out looking
Batting: RHB Jeff Lloyd 0-0: Called Strike
0-1: Ball
1-1: Ball
2-1: Ground out 1-3 (Groundball, 13)
Top of the 2nd over - 0 run(s), 1 hit(s), 0 error(s), 1 left on base; Springfield 2 - Buffalo 0
BOTTOM OF THE 2ND
Buffalo LightSabres batting - Pitching for Springfield Simpsons : RHP Erwin Entwistle
Batting: SHB Giancarlo Giannini 0-0: Called Strike
0-1: Ground out U3 (Groundball, 3S)
Batting: RHB Jorge Castillo 0-0: Ball
1-0: Swinging Strike
1-1: Swinging Strike
1-2: Strikes out swinging
Batting: RHB Keith Sims 0-0: Ball
1-0: Foul Ball, location: 2F
1-1: Ball
2-1: Foul Ball, location: 2F
2-2: Foul Ball, location: 2F
2-2: Strikes out looking
Bottom of the 2nd over - 0 run(s), 0 hit(s), 0 error(s), 0 left on base; Springfield 2 - Buffalo 0
TOP OF THE 3RD
Springfield Simpsons batting - Pitching for Buffalo LightSabres : LHP Mike Murray
Batting: RHB Manny Ramírez 0-0: Ball
1-0: Ground out 5-3 (Groundball, 5)
Batting: RHB Tomás Galindo 0-0: Called Strike
0-1: Foul Ball, location: 2F
0-2: Foul Ball, location: 2F
0-2: Strikes out swinging
Batting: RHB Ángel Garza 0-0: Ball
1-0: Foul Ball, location: 2F
1-1: Foul Ball, location: 2F
1-2: Strikes out swinging
Top of the 3rd over - 0 run(s), 0 hit(s), 0 error(s), 0 left on base; Springfield 2 - Buffalo 0
BOTTOM OF THE 3RD
Buffalo LightSabres batting - Pitching for Springfield Simpsons : RHP Erwin Entwistle
Batting: RHB Merlin Morris 0-0: SINGLE (Groundball, 6MD)
Batting: RHB Salvador González 0-0: Ball
1-0: Called Strike
1-1: Ball
2-1: Ball
3-1: Base on Balls
Merlin Morris to second
Batting: RHB Naomi Kitamura 0-0: Called Strike
0-1: Ball
1-1: Called Strike
1-2: Strikes out swinging
Batting: LHB Paul Alston Pickoff Throw to Second - Out!
0-0: Ball
1-0: Ball
2-0: Called Strike
2-1: Ground out 4-3 (Groundball, 4)
Bottom of the 3rd over - 0 run(s), 1 hit(s), 0 error(s), 1 left on base; Springfield 2 - Buffalo 0
TOP OF THE 4TH
Springfield Simpsons batting - Pitching for Buffalo LightSabres : LHP Mike Murray
Batting: RHB Brant Sherman 0-0: Ball
1-0: Ball
2-0: SINGLE (Groundball, 4MD)
Batting: LHB Pedro Cerda 0-0: Ball
1-0: Ball
2-0: Called Strike
2-1: Ball
3-1: Swinging Strike
3-2: Grounds into double play, 3-6-3 (Groundball, 3)
Batting: SHB Bob Noble 0-0: Ball
1-0: Ball
2-0: Ball
3-0: Base on Balls
Batting: SHB Jorge García 0-0: Ball
1-0: Called Strike
1-1: Foul Ball, location: 2F
1-2: Foul Ball, location: 2F
1-2: Ball
2-2: Strikes out swinging
Top of the 4th over - 0 run(s), 1 hit(s), 0 error(s), 1 left on base; Springfield 2 - Buffalo 0
BOTTOM OF THE 4TH
Buffalo LightSabres batting - Pitching for Springfield Simpsons : RHP Erwin Entwistle
Batting: LHB Sean Nicks 0-0: Ball
1-0: Fly out, F9 (Flyball, 9LS)
Batting: RHB Soetsu Kaneko 0-0: Called Strike
0-1: Swinging Strike
0-2: Ball
1-2: Strikes out swinging
Batting: SHB Giancarlo Giannini 0-0: Called Strike
0-1: Ball
1-1: Fly out, F8 (Flyball, 8LM)
Bottom of the 4th over - 0 run(s), 0 hit(s), 0 error(s), 0 left on base; Springfield 2 - Buffalo 0
TOP OF THE 5TH
Springfield Simpsons batting - Pitching for Buffalo LightSabres : LHP Mike Murray
Batting: SHB Edgardo Osorio 0-0: Called Strike
0-1: Ball
1-1: Ball
2-1: SINGLE (Groundball, 5)
Pitching: RHP Pat Monroe
Batting: RHB Jeff Lloyd 0-0: Swinging Strike
0-1: Ball
1-1: Ball
2-1: Grounds into double play, 5-4-3 (Groundball, 56)
Batting: RHB Manny Ramírez 0-0: Ball
1-0: Swinging Strike
1-1: Ball
2-1: Ball
3-1: Called Strike
3-2: Foul Ball, location: 2F
3-2: Foul Ball, location: 2F
3-2: Base on Balls
Batting: RHB Tomás Galindo 0-0: Called Strike
Manny Ramírez steals 2nd base
0-1: SINGLE (Line Drive, 78S)
Manny Ramírez to third
Runner from 3rd tries for Home, SAFE, no throw or cutoff
Batting: RHB Ángel Garza 0-0: Ball
1-0: Ball
2-0: Called Strike
2-1: Swinging Strike
2-2: Ball
3-2: DOUBLE (Flyball, 8LXD)
Tomás Galindo to third
Tomás Galindo scores
Batting: RHB Brant Sherman 0-0: Called Strike
0-1: Ball
1-1: Ball
2-1: Ball
3-1: Foul Ball, location: 2F
3-2: Foul Ball, location: 2F
3-2: Strikes out looking
Top of the 5th over - 2 run(s), 3 hit(s), 0 error(s), 1 left on base; Springfield 4 - Buffalo 0
BOTTOM OF THE 5TH
Buffalo LightSabres batting - Pitching for Springfield Simpsons : RHP Erwin Entwistle
Batting: RHB Jorge Castillo 0-0: Ball
1-0: Foul Ball, location: 2F
1-1: Foul Ball, location: 2F
1-2: Foul Ball, location: 2F
1-2: Ball
2-2: Fly out, F2 (Popup, 23F)
Batting: RHB Keith Sims 0-0: Called Strike
0-1: Called Strike
0-2: Strikes out looking
Batting: RHB Merlin Morris 0-0: Foul Ball, location: 2F
0-1: Ball
1-1: Ground out 5-3 (Groundball, 56)
Bottom of the 5th over - 0 run(s), 0 hit(s), 0 error(s), 0 left on base; Springfield 4 - Buffalo 0
TOP OF THE 6TH
Springfield Simpsons batting - Pitching for Buffalo LightSabres : RHP Pat Monroe
Batting: LHB Pedro Cerda 0-0: Ball
1-0: Ground out U3 (Groundball, 3S)
Batting: SHB Bob Noble 0-0: Swinging Strike
0-1: Ball
1-1: Called Strike
1-2: Foul Ball, location: 2F
1-2: Strikes out swinging
Batting: SHB Jorge García 0-0: Ball
1-0: Called Strike
1-1: Swinging Strike
1-2: Ball
2-2: Strikes out looking
Top of the 6th over - 0 run(s), 0 hit(s), 0 error(s), 0 left on base; Springfield 4 - Buffalo 0
BOTTOM OF THE 6TH
Buffalo LightSabres batting - Pitching for Springfield Simpsons : RHP Erwin Entwistle
Batting: RHB Salvador González 0-0: Ball
1-0: Called Strike
1-1: Foul Ball, location: 2F
1-2: Ground out 6-3 (Groundball, 56S)
Batting: RHB Naomi Kitamura 0-0: Ground out 6-3 (Groundball, 6M)
Batting: LHB Paul Alston 0-0: Swinging Strike
0-1: Ball
1-1: Ball
2-1: Foul Ball, location: 2F
2-2: SINGLE (Line Drive, 7LS)
Batting: LHB Sean Nicks 0-0: Called Strike
0-1: Ball
1-1: Ball
2-1: Ball
3-1: Fly out, F7 (Line Drive, 7M)
Bottom of the 6th over - 0 run(s), 1 hit(s), 0 error(s), 1 left on base; Springfield 4 - Buffalo 0
TOP OF THE 7TH
Springfield Simpsons batting - Pitching for Buffalo LightSabres : RHP Pat Monroe
Pitching: RHP Jacob Christian
Batting: SHB Edgardo Osorio 0-0: Ball
1-0: Called Strike
1-1: Hit by Pitch
Batting: RHB Jeff Lloyd 0-0: Called Strike
Edgardo Osorio steals 2nd base
0-1: 2-RUN HOME RUN (Flyball, 9D), Distance : 367 ft
Batting: RHB Manny Ramírez 0-0: SOLO HOME RUN (Flyball, 7D), Distance : 392 ft
Pitching: RHP Jorge Gómez
Batting: RHB Tomás Galindo 0-0: Ball
1-0: Foul Ball, location: 2F
1-1: Ball
2-1: Swinging Strike
2-2: Foul Ball, location: 2F
2-2: Ball
3-2: Strikes out looking
Batting: RHB Ángel Garza 0-0: Foul Ball, location: 2F
0-1: Called Strike
0-2: Strikes out swinging
Batting: RHB Brant Sherman 0-0: Ball
1-0: Ball
2-0: Called Strike
2-1: Ball
3-1: Fly out, F8 (Flyball, 8LD)
Top of the 7th over - 3 run(s), 2 hit(s), 0 error(s), 0 left on base; Springfield 7 - Buffalo 0
BOTTOM OF THE 7TH
Buffalo LightSabres batting - Pitching for Springfield Simpsons : RHP Erwin Entwistle
Batting: RHB Soetsu Kaneko 0-0: Ball
1-0: Fly out, F7 (Line Drive, 7M)
Batting: SHB Giancarlo Giannini 0-0: Called Strike
0-1: Foul Ball, location: 2F
0-2: Foul Ball, location: 2F
0-2: Ball
1-2: Strikes out looking
Batting: RHB Jorge Castillo 0-0: Called Strike
0-1: Foul Ball, location: 2F
0-2: Strikes out swinging
Bottom of the 7th over - 0 run(s), 0 hit(s), 0 error(s), 0 left on base; Springfield 7 - Buffalo 0
TOP OF THE 8TH
Springfield Simpsons batting - Pitching for Buffalo LightSabres : RHP Jorge Gómez
Batting: LHB Pedro Cerda 0-0: Ball
1-0: Ball
2-0: Called Strike
2-1: Ground out 4-3 (Groundball, 34)
Batting: SHB Bob Noble 0-0: Fly out, F9 (Flyball, 89M)
Batting: SHB Jorge García 0-0: Ball
1-0: Foul Ball, location: 2F
1-1: Ball
2-1: Foul Ball, location: 2F
2-2: Ball
3-2: Base on Balls
Batting: SHB Edgardo Osorio 0-0: Foul Ball, location: 2F
0-1: Swinging Strike
0-2: Ball
1-2: Strikes out swinging
Top of the 8th over - 0 run(s), 0 hit(s), 0 error(s), 1 left on base; Springfield 7 - Buffalo 0
BOTTOM OF THE 8TH
Buffalo LightSabres batting - Pitching for Springfield Simpsons : RHP Erwin Entwistle
Batting: RHB Keith Sims 0-0: Foul Ball, location: 2F
0-1: Foul Ball, location: 2F
0-2: Strikes out swinging
Batting: RHB Merlin Morris 0-0: Called Strike
0-1: Ball
1-1: Ball
2-1: Ball
3-1: Base on Balls
Pitching: RHP Ryan Klein
Batting: RHB Salvador González 0-0: Ball
1-0: Swinging Strike
1-1: Ball
2-1: Foul Ball, location: 2F
2-2: Fielders Choice at 2nd, 1-6 (Groundball, 25)
Batting: RHB Naomi Kitamura 0-0: Called Strike
0-1: Ball
1-1: Foul Ball, location: 2F
1-2: Ball
2-2: Fly out, F8 (Flyball, 8RM)
Bottom of the 8th over - 0 run(s), 0 hit(s), 0 error(s), 1 left on base; Springfield 7 - Buffalo 0
TOP OF THE 9TH
Springfield Simpsons batting - Pitching for Buffalo LightSabres : RHP Jorge Gómez
Pitching: RHP John Thompson
Batting: RHB Jeff Lloyd 0-0: Ball
1-0: Ball
2-0: SINGLE (Line Drive, 8LS)
Batting: RHB Manny Ramírez 0-0: Ball
1-0: Bunted foul
1-1: Bunt missed!
1-2: 2-RUN HOME RUN (Flyball, 7D), Distance : 368 ft
Batting: RHB Tomás Galindo 0-0: Ball
1-0: Called Strike
1-1: Foul Ball, location: 2F
1-2: Ball
2-2: Ball
3-2: Strikes out swinging
Batting: RHB Ángel Garza 0-0: Ball
1-0: Foul Ball, location: 2F
1-1: Ball
2-1: Foul Ball, location: 2F
2-2: Strikes out swinging
Batting: RHB Brant Sherman 0-0: Called Strike
0-1: Fly out, F8 (Flyball, 8LXD)
Top of the 9th over - 2 run(s), 2 hit(s), 0 error(s), 0 left on base; Springfield 9 - Buffalo 0
BOTTOM OF THE 9TH
Buffalo LightSabres batting - Pitching for Springfield Simpsons : RHP Ryan Klein
Batting: LHB Paul Alston 0-0: Ball
1-0: Ground out 1-3 (Groundball, 13S)
Batting: LHB Sean Nicks 0-0: Ball
1-0: Foul Ball, location: 2F
1-1: SINGLE (Line Drive, 9LS)
Batting: RHB Soetsu Kaneko 0-0: Called Strike
0-1: Fly out, F3 (Popup, 3F)
Batting: SHB Giancarlo Giannini 0-0: Ball
1-0: Ball
2-0: Ball
3-0: Base on Balls
Sean Nicks to second
Batting: RHB Jorge Castillo 0-0: Ball
1-0: Ball
2-0: Fielders Choice at 2nd, U6 (Groundball, 6M)
Bottom of the 9th over - 0 run(s), 1 hit(s), 0 error(s), 2 left on base; Springfield 9 - Buffalo 0
This league is powered by Out of the Park Baseball, the baseball management simulation game for PC, Mac and Linux
Tuesday, August 2nd, 2016 - OOTP Baseball 16.8 Build 38